 Dungeon Crawl Stone Soup version 0.21.0-3-g78d12a8 (webtiles) character file.

168443 Gorice the Cruncher (level 17, -10/152 HPs)
             Began as a Demonspawn Wanderer on Jan 14, 2018.
             Was the Champion of Kikubaaqudgha.
             Mangled by the 27-headed Lernaean hydra (12 damage)
             ... on level 4 of the Swamp.
             The game lasted 03:39:07 (51522 turns).

Gorice the Cruncher (Demonspawn Wanderer)          Turns: 51522, Time: 03:39:09

Health: -10/152    AC: 23    Str: 17    XL:     17   Next: 33%
Magic:  10/29      EV: 13    Int: 21    God:    Kikubaaqudgha [******]
Gold:   1296       SH:  3    Dex: 17    Spells: 9/32 levels left

rFire    . . .     SeeInvis +   a - +2 quarterstaff (speed)
rCold    . . .     Gourm    .   (shield currently unavailable)
rNeg     . . .     Faith    .   h - +3 chain mail "Fiop" {Int+5}
rPois    +         Spirit   .   (helmet unavailable)
rElec    .         Reflect  +   S - +2 cloak
rCorr    .         Harm     .   s - +1 pair of gloves
MR       +....                  O - +0 pair of boots
Stlth    +.........             E - +3 amulet of reflection
HPRegen  0.35/turn              p - ring of poison resistance
MPRegen  0.21/turn              F - ring of flight

@: very slightly contaminated, invisible
A: antennae 3, thin skeletal structure 2, nightstalker 1, robust 1, spiny 3
a: Receive Corpses, Torment, Brand Weapon With Pain, Receive Necronomicon,
Renounce Religion, Evoke Flight


You were on level 4 of the Swamp.
You worshipped Kikubaaqudgha.
Kikubaaqudgha was exalted by your worship.
You were not hungry.

You visited 6 branches of the dungeon, and saw 31 of its levels.
You visited 1 bazaar.
You also visited: Labyrinth and Volcano.

You collected 3286 gold pieces.
You spent 1990 gold pieces at shops.

Inventory:

Hand Weapons
 a - a +2 quarterstaff of speed (weapon)
   (You bought it in a shop in a bazaar)
 B - a +0 blowgun
 C - a +1 demon trident of venom
   (You took it off Louise on level 2 of the Swamp)
Missiles
 e - 5 poisoned tomahawks (quivered)
 z - 7 curare-tipped needles
 I - 7 javelins
 Z - 6 throwing nets
Armour
 h - the +3 chain mail "Fiop" (worn) {Int+5}
   (You found it on level 4 of the Dungeon)

   It affects your intelligence (+5).
 s - a +1 pair of gloves (worn)
 H - a +0 chain mail of cold resistance
   (You took it off Donald on level 4 of the Swamp)
 O - a +0 pair of boots (worn)
 S - a +2 cloak (worn)
Jewellery
 c - an uncursed ring of protection from cold
 f - an uncursed ring of fire
 m - an uncursed ring of protection from magic
 n - an uncursed ring of positive energy
 p - a ring of poison resistance (left hand)
 E - a +3 amulet of reflection (around neck)
 F - a ring of flight (right hand)
 X - the ring of Pesil {rElec rN+ MR+ MP+9 Str+4}
   (You found it on level 3 of the Swamp)

   [ring of protection from magic]

   It affects your strength (+4).
   It insulates you from electricity.
   It protects you from negative energy.
   It affects your resistance to hostile enchantments.
   It affects your magic capacity (+9).
Wands
 l - a wand of iceblast (4)
 r - a wand of scattershot (1)
 w - a wand of acid (11)
 y - a wand of disintegration (48)
 A - a wand of flame (132)
 V - a wand of digging (23)
Scrolls
 d - 10 scrolls of teleportation {!r}
 j - 6 scrolls of remove curse
 k - 8 scrolls of identify
 v - 2 scrolls of magic mapping {!r}
 x - 6 scrolls of fog
 N - 3 scrolls of fear {!r}
Potions
 b - 4 potions of flight
 g - 7 potions of heal wounds {!q}
 o - 8 potions of curing
 q - 2 potions of magic {!q}
 t - 8 potions of haste {!q}
 u - a potion of berserk rage
 D - a potion of ambrosia
 G - 4 potions of agility {!q}
 K - 5 potions of resistance {!q}
 L - a potion of brilliance {!q}
 P - 4 potions of might {!q}
 T - a potion of invisibility {!q}
 U - 2 potions of cancellation {!q}
Comestibles
 W - 40 rations


   Skills:
 - Level 14.0 Fighting
 - Level 14.0 Staves
 - Level 1.0 Throwing
 - Level 14.0 Armour
 + Level 10.5 Dodging
 - Level 1.0 Stealth
 + Level 8.4 Spellcasting
 - Level 1.0 Charms
 - Level 14.0 Necromancy
 - Level 1.0 Translocations


You had 9 spell levels left.
You knew the following spells:

 Your Spells              Type           Power        Failure   Level  Hunger
a - Pain                  Necr           ####         1%          1    None
b - Animate Dead          Necr           N/A          1%          4    ###....
c - Agony                 Necr           ######..     4%          5    #####..
d - Vampiric Draining     Necr           ######....   1%          3    None
s - Animate Skeleton      Necr           N/A          1%          1    None
A - Apportation           Tloc           ##....       36%         1    None
D - Dispel Undead         Necr           ######..     4%          5    #####..
R - Regeneration          Chrm/Necr      #####.....   8%          3    None


Dungeon Overview and Level Annotations

Branches:
Dungeon (15/15)            Temple (1/1) D:6            Lair (6/6) D:10
  Swamp (4/4) Lair:3       Spider (3/4) Lair:3        Slime (0/5) Lair:5
    Orc (2/2) D:11            Elf (0/3) Orc:2        Vaults (0/5) D:13
 Depths (0/5) D:15

Altars:
Ashenzari
Cheibriados
Dithmenos
Elyvilon
Fedhas
Gozag
Hepliaklqana
Kikubaaqudgha
Makhleb
Nemelex Xobeh
Okawaru
Qazlal
Ru
Sif Muna
Trog
Uskayaw
Vehumet
Wu Jian
Xom
Yredelemnul
Zin
The Shining One
Jiyva

Shops:
D:4 [   D:5 :   D:6 =   D:15 (   Orc:2 }[??[

Portals:
Trove: D:12 (give +4 fire dragon scales)

Annotations:
D:13 vpUX: 2 runed doors
Lair:2 exclusion: oklob plant
Swamp:4 Lernaean hydra


Innate Abilities, Weirdness & Mutations

You have a pair of large antennae on your head. (SInv)
You have a moderately thin skeletal structure. (Dex +4, Stealth+)
You are slightly more attuned to the shadows.
You are robust. (+10% HP)
You are completely covered in sharp spines.


Message History

The 27-headed Lernaean hydra bites you but does no damage.
The 27-headed Lernaean hydra barely misses you.
The 27-headed Lernaean hydra bites you!
* * * LOW HITPOINT WARNING * * *
The 27-headed Lernaean hydra bites you but does no damage.
The 27-headed Lernaean hydra bites you!
* * * LOW HITPOINT WARNING * * *
The 27-headed Lernaean hydra bites you but does no damage.
The 27-headed Lernaean hydra completely misses you.
The 27-headed Lernaean hydra barely misses you.
The 27-headed Lernaean hydra bites you!
* * * LOW HITPOINT WARNING * * *
The 27-headed Lernaean hydra bites you but does no damage. x2
The 27-headed Lernaean hydra misses you.
The 27-headed Lernaean hydra bites you.
* * * LOW HITPOINT WARNING * * *
The 27-headed Lernaean hydra bites you.
* * * LOW HITPOINT WARNING * * *
The 27-headed Lernaean hydra bites you but does no damage. x2
The 27-headed Lernaean hydra closely misses you.
The 27-headed Lernaean hydra misses you.
The 27-headed Lernaean hydra bites you.
* * * LOW HITPOINT WARNING * * *
The 27-headed Lernaean hydra bites you but does no damage.
The 27-headed Lernaean hydra barely misses you.
The 27-headed Lernaean hydra completely misses you.
The 27-headed Lernaean hydra misses you.
The 27-headed Lernaean hydra barely misses you.
Damage: 47 (max 53) Unknown command.
Unknown command.
Unknown command.
Unknown command.
Unknown command.
Unknown command.
Unknown command.
Unknown command.
Casting: Animate Dead
Confirm with . or Enter, or press ? or * to list all spells.
Aiming: Vampiric Draining
Press: ? - help, Shift-Dir - straight line, f - 27-headed Lernaean hydra
Aim: the 27-headed Lernaean hydra (almost dead)
The 27-headed Lernaean hydra is almost dead.
You feel life coursing into your body.
The 27-headed Lernaean hydra bites you but does no damage. x2
The 27-headed Lernaean hydra bites you!
* * * LOW HITPOINT WARNING * * *
The 27-headed Lernaean hydra bites you!
You die...
Kikubaaqudgha rasps: "You have failed me!
Welcome... death!"

♣....≈.≈♣ ♣♣.....♣♣ ♣...≈§≈♣♣ ♣≈.
..<.≈≈≈.♣♣♣♣.≈≈ ♣≈≈≈≈≈≈.≈♣♣..≈≈
♣♣ ♣ ♣ ♣♣(≈≈≈≈..♣ ♣≈≈.♣♣♣♣♣≈♣♣♣♣
.####. ♣♣(≈.♣≈♣♣
♣.≈≈..♣♣≈....♣♣♣#.≈..# ♣♣♣≈(....♣
♣.≈≈≈.≈♣.≈≈≈.≈♣♣...... ♣≈.≈≈(..≈♣
♣≈≈≈≈@D≈.≈Z≈†...#.≈.P. ♣..≈≈≈.♣♣♣
♣♣.≈≈..≈≈.≈..≈≈≈...≈≈. .≈≈≈≈≈≈§.♣
♣.≈..≈≈§.♣≈§≈≈≈##.≈.≈ .≈≈≈≈≈≈≈≈♣
♣§≈≈≈≈≈♣♣♣♣♣≈≈≈♣≈#..#' ♣≈.≈≈≈≈≈≈♣
♣..≈♣..♣♣ ♣♣♣♣♣≈#≈≈.≈
♣≈.≈≈≈≈.≈♣♣♣.≈♣...≈♣♣♣ ♣≈.D..8
♣≈.≈≈≈≈...♣♣≈.♣......♣♣♣♣♣♣..P.≈.
§.≈≈≈≈≈≈≈.♣ ♣.≈≈≈≈...≈.♣≈.#....
.≈≈≈≈≈≈≈≈♣♣ ♣.≈≈≈≈.........≈..#


You could see the 27-headed Lernaean hydra and a friendly tyrant leech zombie.

Vanquished Creatures
  Gastronok (D:8)
  4 thorn hunters
  Donald (Swamp:4)
  3 ghost moths
  Louise (Swamp:2)
  The ghost of theanonym the Reanimator, a journeyman DgNe (Orc:2)
  4 entropy weavers
  The ghost of Lovchig the Cleaver, a journeyman DDFi of Makhleb (D:11)
  A dire elephant (Lair:6)
  A minotaur (Lab)
  21 hydras
  2 ghost crabs (Swamp:2)
  A merfolk avatar (Lair:6)
  A catoblepas (D:14)
  4 alligators
  2 dancing weapons (D:13)
  A queen ant (Spider:3)
  3 death knights
  A centaur warrior (D:15)
  8 two-headed ogres
  A death yak (D:7)
  5 orc high priests (Orc:2)
  4 skeletal warriors
  12 swamp dragons
  A shambling mangrove (Swamp:3)
  3 unseen horrors
  4 orc knights (Orc:2)
  14 wolf spiders
  An orange crystal statue (D:11)
  12 orb spiders
  3 salamanders (Volcano)
  A mana viper (shapeshifter) (D:15)
  6 ugly things
  3 deep elf magi
  3 manticores
  9 elephants
  A moth of wrath (Spider:2)
  2 black mambas
  An ice statue (D:10)
  Psyche (D:9)
  3 cyclopes
  Joseph (D:8)
  3 torpor snails
  A gargoyle (D:12)
  19 spiny frogs
  5 rime drakes
  11 komodo dragons
  12 demonic crawlers
  6 freezing wraiths
  A redback zombie (D:13)
  5 polar bears
  28 jumping spiders
  5 trolls
  A wind drake (Lair:6)
  8 tyrant leeches
  A slime creature (shapeshifter) (D:13)
  18 hornets
  13 bog bodies
  13 slime creatures
  6 hippogriffs
  Sigmund (D:4)
  3 shadows
  35 redbacks
  10 spriggans
  3 wyverns
  14 tarantellas
  2 basilisks
  A water elemental (D:15)
  3 wraiths
  5 fire bats (Volcano)
  29 yaks
  A steam dragon (Lair:6)
  12 vampire mosquitoes
  6 insubstantial wisps (Swamp:4)
  Menkaure (D:4)
  4 wargs
  23 swamp worms
  10 soldier ants
  An acid dragon (Lair:6)
  17 water moccasins
  9 porcupines
  18 swamp drakes
  A hornet zombie (D:7)
  6 ice beasts
  38 orc warriors
  A black bear (D:6)
  An eye of draining (D:9)
  8 wolves
  2 necrophages
  16 ogres
  15 centaurs
  14 crocodiles
  3 big kobolds
  Blork the orc (D:4)
  18 bullfrogs
  3 gnoll sergeants (D:9)
  A water moccasin zombie (D:5)
  A scorpion (D:10)
  A water moccasin skeleton (D:9)
  10 killer bees (D:12)
  24 wights
  5 electric eels
  A howler monkey (D:10)
  7 crimson imps
  3 jellies
  2 bullfrog zombies
  A quasit (D:5)
  36 orc priests
  11 hounds
  4 bullfrog skeletons
  4 gnoll shamans (D:9)
  4 centaur skeletons
  17 orc wizards
  7 iguanas
  30 worker ants
  A centaur simulacrum (D:8)
  5 hound skeletons
  A howler monkey zombie (D:6)
  A howler monkey skeleton (D:10)
  14 adders
  26 gnolls
  A hound simulacrum (D:8)
  7 shadow imps
  2 white imps (D:8)
  An ooze (D:5)
  2 adder skeletons
  3 worms (D:2)
  A dart slug (D:2)
  5 leopard geckos
  91 orcs
  9 bats
  6 giant cockroaches
  8 goblins
  9 hobgoblins
  13 jackals
  7 quokkas
  3 frilled lizards
  15 kobolds
  A quokka skeleton (D:4)
  7 rats
  6 briar patches
  A fungus (Lair:1)
1059 creatures vanquished.

Vanquished Creatures (collateral kills)
  A fire dragon (Volcano)
  An orc knight (Orc:2)
  A cyclops (Orc:2)
  A troll (D:13)
  2 bog bodies
  3 slime creatures
  A vampire mosquito (Swamp:1)
  2 swamp worms
  A swamp drake (Swamp:4)
  An orc warrior (Orc:1)
  A wight (D:13)
  2 orc priests (Orc:2)
  4 orcs (Orc:2)
  A plant (Volcano)
22 creatures vanquished.

Vanquished Creatures (others)
  A spriggan druid (Swamp:4)
  A wolf spider (Spider:3)
  A redback (Spider:3)
  4 wyverns (Volcano)
  A steam dragon (Volcano)
  A swamp drake (Swamp:4)
  8 briar patches
  21 fungi
  37 plants
75 creatures vanquished.

Grand Total: 1156 creatures vanquished

Notes
Turn   | Place    | Note
-------+----------+-------------------------------------------
     0 | D:1      | Gorice the Demonspawn Wanderer began the quest for the Orb.
     0 | D:1      | Gorice set off with: a +2 dagger, a scroll of blinking, a +0 ring mail, a ration, the Almanac of Stones
     0 | D:1      | Reached XP level 1. HP: 13/13 MP: 2/2
     0 | D:1      | Identified the Almanac of Stones
    46 | D:1      | Reached skill level 1 in Fighting
   146 | D:1      | Gained mutation: You have a pair of small antennae on your head. [demonic ancestry]
   146 | D:1      | Reached XP level 2. HP: 19/22 MP: 3/3
   169 | D:1      | Reached skill level 2 in Fighting
   977 | D:1      | Gained mutation: You have a somewhat thin skeletal structure. (Dex +2, Stealth) [demonic ancestry]
   977 | D:1      | Reached XP level 3. HP: 26/28 MP: 4/4
  1135 | D:2      | HP: 6/28 [worm (6)]
  1137 | D:2      | Reached skill level 3 in Fighting
  1592 | D:2      | HP: 8/29 [poisoned by an adder]
  1834 | D:2      | Reached XP level 4. HP: 34/37 MP: 5/5
  2150 | D:2      | Reached skill level 4 in Fighting
  3187 | D:3      | Reached skill level 1 in Staves
  3187 | D:3      | Reached XP level 5. HP: 25/43 MP: 6/6
  3460 | D:4      | Noticed an ogre
  3463 | D:4      | Killed an ogre
  3463 | D:4      | Reached skill level 2 in Staves
  3482 | D:4      | Reached skill level 5 in Armour
  3482 | D:4      | Gained mutation: You are slightly more attuned to the shadows. [demonic ancestry]
  3482 | D:4      | Reached XP level 6. HP: 43/49 MP: 7/7
  3494 | D:4      | Got a twisted chain mail
  3505 | D:4      | Identified the +3 chain mail "Fiop" {Int+5} (You found it on level 4 of the Dungeon)
  3522 | D:4      | Noticed Sigmund
  3558 | D:4      | Killed Sigmund
  3558 | D:4      | Reached skill level 3 in Staves
  3573 | D:4      | Found Ipnunec's Armour Boutique.
  3578 | D:4      | Noticed Blork the orc
  3594 | D:4      | Killed Blork the orc
  3594 | D:4      | Reached skill level 4 in Staves
  3594 | D:4      | Reached XP level 7. HP: 39/55 MP: 8/8
  3991 | D:4      | Noticed Menkaure
  4004 | D:4      | Killed Menkaure
  4004 | D:4      | Reached skill level 5 in Staves
  4261 | D:4      | Reached skill level 6 in Armour
  4610 | D:5      | Entered Level 5 of the Dungeon
  4688 | D:5      | Reached XP level 8. HP: 30/61 MP: 9/9
  4930 | D:5      | Reached skill level 6 in Staves
  5540 | D:5      | Found a sparkling altar of Nemelex Xobeh.
  5605 | D:5      | Found Kuycvad's Book Emporium.
  5935 | D:6      | Found a staircase to the Ecumenical Temple.
  5950 | Temple   | Entered the Ecumenical Temple
  6045 | Temple   | Became a worshipper of Kikubaaqudgha
  6169 | D:6      | Reached skill level 7 in Staves
  6415 | D:6      | Reached skill level 7 in Armour
  6446 | D:6      | Found Unuhayde's Jewellery Shop.
  6499 | D:6      | Found a sacrificial altar of Ru.
  6685 | D:6      | Reached skill level 8 in Staves
  6685 | D:6      | Gained mutation: You are partially covered in sharp spines. [demonic ancestry]
  6685 | D:6      | Reached XP level 9. HP: 66/66 MP: 10/10
  7153 | D:7      | Found an opulent altar of Gozag.
  7201 | D:7      | Reached * piety under Kikubaaqudgha
  7201 | D:7      | Identified Kikubaaqudgha's Tome of Sinister Secrets (Kikubaaqudgha gifted it to you on level 7 of the Dungeon)
  7201 | D:7      | Received a gift from Kikubaaqudgha
  7735 | D:8      | Noticed a polar bear
  7740 | D:8      | Noticed a polar bear
  7745 | D:8      | Reached skill level 9 in Staves
  7756 | D:7      | Killed a polar bear
  7762 | D:7      | Killed a polar bear
  7762 | D:7      | Reached skill level 8 in Armour
  7868 | D:8      | Noticed a death yak
  7889 | D:8      | HP: 15/66 [death yak (18)]
  8174 | D:7      | Killed a death yak
  8174 | D:7      | Reached skill level 10 in Staves
  8351 | D:8      | Noticed Joseph
  8388 | D:8      | Killed Joseph
  8388 | D:8      | Gained mutation: You have a moderately thin skeletal structure. (Dex +4, Stealth+) [demonic ancestry]
  8388 | D:8      | Reached XP level 10. HP: 58/73 MP: 11/11
  8482 | D:8      | Noticed Gastronok
  8780 | D:8      | Killed Gastronok
  8780 | D:8      | Reached skill level 9 in Armour
  8780 | D:8      | Reached skill level 3 in Necromancy
  8790 | D:8      | Noticed a two-headed ogre
  8790 | D:8      | HP: 17/73 [orc warrior/halberd (15)]
  8807 | D:7      | HP: 11/73 [orc warrior/flail (11)]
  8809 | D:7      | HP: 2/73 [orc warrior/flail (10)]
  9342 | D:8      | Killed a two-headed ogre
  9342 | D:8      | Reached skill level 11 in Staves
  9342 | D:8      | Reached skill level 4 in Necromancy
  9348 | D:8      | Learned a level 1 spell: Animate Skeleton
  9521 | D:8      | Reached ** piety under Kikubaaqudgha
  9881 | D:8      | Reached skill level 5 in Necromancy
 10138 | D:9      | Noticed Psyche
 10147 | D:9      | Killed Psyche
 10238 | D:9      | Gained mutation: You have a pair of antennae on your head. [demonic ancestry]
 10238 | D:9      | Reached XP level 11. HP: 72/78 MP: 12/12
 10260 | D:9      | Noticed a two-headed ogre
 10270 | D:9      | Killed a two-headed ogre
 10335 | D:9      | Reached skill level 10 in Armour
 10701 | D:9      | Learned a level 1 spell: Apportation
 10741 | D:9      | Reached *** piety under Kikubaaqudgha
 10741 | D:9      | Identified Kikubaaqudgha's Handbook of Evil Secrets (Kikubaaqudgha gifted it to you on level 9 of the Dungeon)
 10741 | D:9      | Received a gift from Kikubaaqudgha
 10748 | D:9      | Reached skill level 6 in Necromancy
 11244 | D:10     | Entered Level 10 of the Dungeon
 11519 | D:10     | Found a staircase to the Lair.
 11889 | D:10     | Reached skill level 7 in Necromancy
 12491 | Lair:1   | Entered Level 1 of the Lair of Beasts
 12516 | Lair:1   | Learned a level 3 spell: Vampiric Draining
 12518 | Lair:1   | Learned a level 1 spell: Pain
 12562 | Lair:1   | Noticed a seven-headed hydra
 12596 | Lair:1   | Killed a seven-headed hydra
 12744 | Lair:1   | Reached **** piety under Kikubaaqudgha
 12797 | Lair:1   | Reached skill level 12 in Staves
 13523 | Lair:1   | Reached skill level 8 in Necromancy
 13784 | Lair:1   | Reached skill level 11 in Armour
 14003 | Lair:2   | Gained mutation: You are mostly covered in sharp spines. [demonic ancestry]
 14003 | Lair:2   | Reached XP level 12. HP: 63/84 MP: 13/13
 14730 | Lair:2   | Found a blossoming altar of Fedhas.
 15190 | Lair:3   | Found a dark tunnel.
 15197 | Volcano  | Entered a volcano
 15249 | Volcano  | Reached skill level 9 in Necromancy
 15522 | Volcano  | Noticed a two-headed ogre
 15548 | Volcano  | Killed a two-headed ogre
 15746 | Volcano  | HP: 21/84 [salamander/spear (10)]
 15751 | Volcano  | HP: 19/84 [salamander/spear (3)]
 16145 | Volcano  | Noticed a two-headed ogre
 16155 | Volcano  | Killed a two-headed ogre
 16335 | Volcano  | Noticed a fire dragon
 16352 | Volcano  | Killed a fire dragon
 16862 | Lair:3   | Noticed a seven-headed hydra
 16870 | Lair:3   | Killed a seven-headed hydra
 16870 | Lair:3   | Reached skill level 13 in Staves
 16870 | Lair:3   | Reached skill level 10 in Necromancy
 16902 | Lair:3   | Reached skill level 12 in Armour
 17221 | Lair:3   | Found a hole to the Spider Nest.
 18067 | Lair:3   | Found a staircase to the Swamp.
 18367 | Lair:4   | Reached XP level 13. HP: 67/90 MP: 14/14
 19324 | Lair:5   | Found a viscous altar of Jiyva.
 19324 | Lair:5   | Found a staircase to the Slime Pits.
 19648 | Lair:4   | Reached ***** piety under Kikubaaqudgha
 19654 | Lair:4   | Reached skill level 11 in Necromancy
 20295 | Lair:6   | Entered Level 6 of the Lair of Beasts
 20477 | Lair:6   | Reached skill level 2 in Spellcasting
 20825 | Lair:6   | Paralysed by a hornet for 2 turns
 21146 | Lair:5   | HP: 19/90 [five-headed hydra (10)]
 21529 | Lair:6   | Reached skill level 3 in Spellcasting
 21670 | Lair:6   | Noticed a dire elephant
 22468 | Lair:6   | Killed a dire elephant
 22468 | Lair:6   | Reached skill level 4 in Spellcasting
 22523 | Lair:6   | Reached skill level 13 in Armour
 22536 | Lair:6   | HP: 25/90 [poisoned by a spiny frog]
 22541 | Lair:6   | HP: 18/90 [poisoned by a spiny frog]
 22546 | Lair:6   | HP: 13/90 [poisoned by a spiny frog]
 22551 | Lair:6   | HP: 9/90 [poisoned by a spiny frog]
 22556 | Lair:6   | HP: 7/90 [poisoned by a spiny frog]
 22563 | Lair:6   | HP: 6/90 [poisoned by a spiny frog]
 22570 | Lair:6   | HP: 6/90 [poisoned by a spiny frog]
 22578 | Lair:6   | HP: 6/90 [poisoned by a spiny frog]
 22921 | Lair:6   | Reached skill level 14 in Staves
 23012 | Lair:6   | HP: 24/90 [five-headed hydra (11)]
 23012 | Lair:6   | HP: 6/90 [five-headed hydra (12)]
 23531 | Lair:6   | Reached skill level 5 in Spellcasting
 23805 | Lair:6   | HP: 26/90 [drowned by a drowned soul[a merfolk avatar] (11)]
 24080 | Lair:1   | Learned a level 4 spell: Animate Dead
 24119 | D:11     | Found a labyrinth entrance.
 24126 | Lab      | Entered a labyrinth
 24181 | Lab      | Noticed a minotaur
 24190 | Lab      | Killed a minotaur
 24200 | Lab      | Got a slimy lapis lazuli ring
 24204 | Lab      | Identified the Incunabulum of Stones
 24210 | Lab      | Identified the Almanac of Translocation
 24218 | Lab      | Identified the ring "Bohopt" {MP+9 Str-5 Slay+2 SInv} (You found it in a labyrinth)
 24386 | D:11     | Reached skill level 5 in Fighting
 24414 | D:11     | Found a staircase to the Orcish Mines.
 24415 | D:11     | Noticed Lovchig's ghost (journeyman DDFi)
 24775 | D:11     | Gained mutation: You have a pair of large antennae on your head. (SInv) [demonic ancestry]
 24775 | D:11     | Reached XP level 14. HP: 63/98 MP: 22/22
 25220 | Lair:1   | Learned a level 5 spell: Dispel Undead
 25602 | Orc:1    | Entered Level 1 of the Orcish Mines
 25655 | D:11     | Killed Lovchig's ghost
 26190 | Orc:1    | Reached skill level 6 in Spellcasting
 26209 | Orc:1    | Reached ****** piety under Kikubaaqudgha
 26511 | Orc:2    | Entered Level 2 of the Orcish Mines
 26538 | Orc:2    | Found a staircase to the Elven Halls.
 26606 | Orc:2    | Noticed theanonym's ghost (journeyman DgNe)
 26616 | Orc:2    | Killed theanonym's ghost
 26616 | Orc:2    | Reached skill level 6 in Fighting
 27105 | Orc:2    | Found Kyzonoi's Magic Scroll Shop.
 27157 | Orc:2    | HP: 30/100 [orc warrior/halberd (21)]
 27175 | Orc:2    | HP: 25/100 [orc priest/divine providence (11)]
 27542 | Orc:2    | HP: 28/100 [orc knight/uncursed war axe of electrocution (8)]
 27969 | Orc:2    | Bought a scroll of fog for 24 gold pieces
 27969 | Orc:2    | Bought a scroll of blinking for 90 gold pieces
 28752 | Orc:2    | HP: 29/101 [orc priest/nerve-wracking pain (11)]
 28757 | Orc:2    | Reached skill level 7 in Fighting
 29026 | Orc:2    | HP: 28/103 [ice devil[an orc high priest] (20)]
 29294 | Orc:2    | Found Yceveosk's Gadget Shop.
 29296 | Orc:2    | Found Jefet's Magic Scroll Shop.
 29297 | Orc:2    | Found Qifoc's Antique Armour Shop.
 29298 | Orc:2    | Found Zaicakeph's Armour Boutique.
 29565 | D:5      | Bought a book of Necromancy for 360 gold pieces
 29569 | D:5      | Learned a level 3 spell: Regeneration
 29863 | Orc:2    | Bought a scroll of remove curse for 36 gold pieces
 30098 | D:12     | Found a portal to a secret trove of treasure.
 30141 | D:12     | Reached skill level 14 in Armour
 30379 | D:12     | Found a flickering gateway to a bazaar.
 30392 | Bazaar   | Entered a bazaar
 30393 | Bazaar   | Found Meluijua's Antique Weapon Emporium.
 30393 | Bazaar   | Found Pibruwi's Gadget Shoppe.
 30393 | Bazaar   | Found Ytrutul's Distillery.
 30393 | Bazaar   | Found Nairghao's Magic Scroll Emporium.
 30426 | Bazaar   | Bought a scroll of identify for 22 gold pieces
 30426 | Bazaar   | Bought a scroll of identify for 22 gold pieces
 30426 | Bazaar   | Bought a scroll of enchant armour for 82 gold pieces
 30426 | Bazaar   | Bought a scroll of enchant weapon for 82 gold pieces
 30426 | Bazaar   | Bought 3 scrolls of enchant armour for 247 gold pieces
 30426 | Bazaar   | Bought a scroll of brand weapon for 220 gold pieces
 30430 | Bazaar   | Bought a runed quarterstaff for 147 gold pieces
 30432 | Bazaar   | Bought 2 potions of haste for 280 gold pieces
 30432 | Bazaar   | Bought a potion of curing for 42 gold pieces
 30432 | Bazaar   | Bought a potion of heal wounds for 70 gold pieces
 30432 | Bazaar   | Bought 3 potions of curing for 126 gold pieces
 30432 | Bazaar   | Bought a potion of heal wounds for 70 gold pieces
 30432 | Bazaar   | Bought a potion of heal wounds for 70 gold pieces
 30788 | D:12     | Reached skill level 12 in Necromancy
 31428 | D:13     | Reached skill level 8 in Fighting
 31432 | D:13     | Found a gate to the Vaults.
 31478 | D:13     | Found a shimmering altar of Xom.
 31616 | D:13     | HP: 29/106 [troll (9)]
 32015 | D:13     | Found a runed warning-scrawled door.
 32039 | D:13     | Found a runed door.
 32040 | D:13     | Found a runed door.
 32371 | D:14     | Reached skill level 9 in Fighting
 32427 | D:13     | Gained mutation: You are completely covered in sharp spines. [demonic ancestry]
 32427 | D:13     | Reached XP level 15. HP: 57/113 MP: 3/24
 32827 | D:14     | Reached skill level 13 in Necromancy
 33933 | D:15     | Entered Level 15 of the Dungeon
 34523 | D:15     | Found a staircase to the Depths.
 34523 | D:15     | Noticed a fire giant
 34803 | D:15     | Reached skill level 10 in Fighting
 35519 | D:15     | Found Feeppys's Weapon Boutique.
 35876 | D:11     | Got a polished ring mail
 35984 | Lair:1   | Identified the +1 ring mail of Okawaru's Generosity {Slay+3} (You found it on level 11 of the Dungeon)
 36016 | Lair:1   | Learned a level 5 spell: Agony
 36093 | Spider:1 | Entered Level 1 of the Spider Nest
 36696 | Spider:1 | Reached skill level 14 in Necromancy
 36934 | Spider:1 | Reached skill level 1 in Dodging
 37199 | Spider:1 | Got a dazzling chain mail
 37311 | Spider:1 | Reached skill level 2 in Dodging
 37321 | Spider:1 | Reached skill level 11 in Fighting
 37767 | Spider:1 | Reached skill level 3 in Dodging
 37835 | Spider:1 | Identified the +1 chain mail of the Purple Skies {rF+ rN+ Dex-3 SInv} (You found it on level 1 of the Spider Nest)
 38231 | Spider:2 | Noticed a ghost moth
 38249 | Spider:2 | Killed a ghost moth
 38328 | Spider:2 | Reached skill level 4 in Dodging
 38550 | Spider:2 | HP: 36/120 [poisoned by a redback]
 38554 | Spider:2 | HP: 12/120 [wolf spider (12)]
 38943 | Spider:2 | HP: 35/120 [poisoned by a wolf spider]
 38948 | Spider:2 | HP: 28/120 [poisoned by a wolf spider]
 38953 | Spider:2 | HP: 24/120 [poisoned by a wolf spider]
 38958 | Spider:2 | HP: 21/120 [poisoned by a wolf spider]
 38963 | Spider:2 | HP: 20/120 [poisoned by a wolf spider]
 38968 | Spider:2 | HP: 19/120 [poisoned by a wolf spider]
 38976 | Spider:2 | HP: 20/120 [poisoned by a wolf spider]
 38984 | Spider:2 | HP: 20/120 [poisoned by a wolf spider]
 39334 | Spider:2 | Reached skill level 5 in Dodging
 39447 | Spider:2 | Reached skill level 12 in Fighting
 39626 | Spider:2 | Noticed a ghost moth
 39644 | Spider:2 | Killed a ghost moth
 39644 | Spider:2 | Gained mutation: You are robust. (+10% HP) [demonic ancestry]
 39644 | Spider:2 | Reached XP level 16. HP: 118/139 MP: 0/25
 40287 | Spider:2 | Reached skill level 6 in Dodging
 40363 | Spider:3 | HP: 16/141 [disintegration (55)]
 40363 | Spider:3 | HP: 4/141 [wolf spider (12)]
 41919 | Spider:3 | Reached skill level 7 in Dodging
 42494 | Swamp:1  | Entered Level 1 of the Swamp
 42608 | Swamp:1  | Reached skill level 13 in Fighting
 42947 | Swamp:1  | Noticed a thorn hunter
 42963 | Swamp:1  | HP: 40/143 [alligator (8)]
 42971 | Swamp:1  | Killed a thorn hunter
 43763 | Swamp:2  | Noticed a thorn hunter
 43773 | Swamp:2  | Reached skill level 8 in Dodging
 43785 | Swamp:2  | Killed a thorn hunter
 43914 | Swamp:2  | Noticed a thorn hunter
 43916 | Swamp:2  | Noticed Louise
 44212 | Swamp:2  | Killed Louise
 44488 | Swamp:2  | Killed a thorn hunter
 44520 | Swamp:2  | HP: 37/145 [spectral snapping turtle[a ghost crab] (7)]
 45542 | Swamp:3  | Noticed a thorn hunter
 45549 | Swamp:3  | Found a transporter.
 45571 | Swamp:3  | HP: 39/145 [thorn hunter (8)]
 45581 | Swamp:3  | HP: 11/145 [thorn hunter (11)]
 45582 | Swamp:3  | HP: 1/145 [thorn hunter (11)]
 45588 | Swamp:3  | Killed a thorn hunter
 45588 | Swamp:3  | Reached skill level 9 in Dodging
 46435 | Swamp:3  | Reached skill level 14 in Fighting
 46786 | Swamp:3  | Found a transporter.
 47401 | Swamp:3  | Got a steaming ivory ring
 47414 | Swamp:3  | Got a faintly glowing granite ring
 47424 | Swamp:3  | Identified the ring "Ahagairgh" {*Tele rPois rN+ MR-} (You found it on level 3 of the Swamp)
 47425 | Swamp:3  | Identified the ring of Pesil {rElec rN+ MR+ MP+9 Str+4} (You found it on level 3 of the Swamp)
 47905 | Swamp:4  | Entered Level 4 of the Swamp
 48261 | Swamp:4  | Reached XP level 17. HP: 142/152 MP: 27/27
 48303 | Swamp:3  | Reached skill level 7 in Spellcasting
 48704 | Swamp:4  | HP: 31/152 [four-headed hydra[a spriggan druid] (21)]
 48710 | Swamp:3  | HP: 22/152 [poisoned by a swamp dragon (blast of poison)]
 48718 | Swamp:3  | HP: 23/152 [poisoned by a swamp dragon (blast of poison)]
 49411 | Swamp:4  | Reached skill level 10 in Dodging
 50084 | Swamp:4  | Noticed Donald
 50089 | Swamp:4  | HP: 41/152 [eight-headed hydra (7)]
 50096 | Swamp:4  | HP: 30/152 [poisoned by a swamp dragon (blast of poison)]
 50533 | Swamp:4  | HP: 32/152 [Donald/eveningstar (26)]
 50536 | Swamp:4  | Killed Donald
 50536 | Swamp:4  | Reached skill level 8 in Spellcasting
 51504 | Swamp:4  | Noticed the 27-headed Lernaean hydra
 51521 | Swamp:4  | HP: 41/152 [the 27-headed Lernaean hydra (11)]
 51521 | Swamp:4  | HP: 14/152 [the 27-headed Lernaean hydra (12)]
 51521 | Swamp:4  | HP: 5/152 [the 27-headed Lernaean hydra (4)]
 51522 | Swamp:4  | HP: 2/152 [the 27-headed Lernaean hydra (9)]
 51522 | Swamp:4  | Mangled by the 27-headed Lernaean hydra

Skill      XL: |  1  2  3  4  5  6  7  8  9 10 11 12 13 14 15 16 17 |
---------------+----------------------------------------------------+-----
Fighting       | 1 2 3 4 5 9 12 14 | 14.0
Staves         | 1 2 4 5 8 10 11 12 13 14 | 14.0
Armour         | 5 6 7 8 9 11 12 13 14 | 14.0
Necromancy     | 5 8 10 11 12 14 | 14.0
Spellcasting   | 5 6 8 |  8.4
Dodging        | 5 9 10 | 10.5
Throwing       | |  1.0
Stealth        | |  1.0
Charms         | |  1.0
Translocations | |  1.0

Action                   |  1- 3 |  4- 6 |  7- 9 | 10-12 | 13-15 | 16-18 || total
-------------------------+-------+-------+-------+-------+-------+-------++-------
Melee: Dagger            |   200 |    63 |       |       |       |       ||   263
       Quarterstaff      |       |    57 |   468 |   738 |  1776 |  1310 ||  4349
       Staff             |       |       |       |       |    14 |       ||    14
Throw: Stone             |    11 |       |       |       |       |       ||    11
       Javelin           |       |     4 |    13 |    42 |     4 |       ||    63
       Throwing net      |       |       |       |     1 |     1 |       ||     2
       Tomahawk          |       |       |       |       |    10 |     2 ||    12
 Cast: Animate Skeleton  |       |       |       |     5 |    94 |     8 ||   107
       Vampiric Draining |       |       |       |     4 |   171 |    39 ||   214
       Dispel Undead     |       |       |       |       |     9 |       ||     9
       Animate Dead      |       |       |       |       |       |     7 ||     7
Invok: Receive Corpses   |       |       |       |     1 |     1 |     2 ||     4
       Torment           |       |       |       |       |     1 |     2 ||     3
 Abil: Evoke Flight      |       |       |       |       |       |     6 ||     6
Evoke: Wand              |       |       |     2 |    23 |    13 |    22 ||    60
  Use: Scroll            |     4 |     1 |     7 |     7 |    16 |    11 ||    46
       Potion            |     1 |     1 |       |     1 |     7 |     3 ||    13
 Stab: Sleeping          |     1 |       |       |       |       |       ||     1
       Held in net/web   |       |       |       |     1 |     1 |       ||     2
       Petrified         |       |       |       |       |     3 |       ||     3
       Distracted        |       |       |       |       |     2 |     1 ||     3
  Eat: Chunk             |     3 |     6 |    16 |    32 |    59 |    25 ||   141
       Ration            |       |       |       |       |     5 |     5 ||    10
Armor: Ring mail         |    66 |       |       |       |       |       ||    66
       Chain mail        |    48 |    59 |   329 |   354 |  1149 |   685 ||  2624
       Skin              |       |     7 |       |       |       |       ||     7
       Plate armour      |       |       |       |    30 |       |       ||    30
Dodge: Dodged            |    93 |    33 |   129 |   226 |   614 |   573 ||  1668
       Deflected         |       |       |       |     2 |    34 |       ||    36
Block: Other             |       |       |       |       |    19 |   117 ||   136
       Reflection        |       |       |       |       |       |     1 ||     1

Table legend:
 A = Turns spent in this place as a percentage of turns spent in the entire game.
 B = Non-inter-level travel turns spent in this place as a percentage of non-inter-level travel turns spent in the entire game.
 C = Inter-level travel turns spent in this place as a percentage of turns spent in this place.
 D = Turns resting spent in this place as a percentage of non-inter-level travel turns spent in this place.
 E = Turns spent auto-exploring this place as a percentage of non-inter-level travel turns spent in this place.
 F = Non-inter-level travel turns spent in this place divided by the number of levels of this place that you've seen.
                   A       B       C       D       E      F
               +-------+-------+-------+-------+-------+----------------------
         Total | 100.0 | 100.0 |   7.5 |  37.8 |  31.1 | 1401.1
       Dungeon |  39.1 |  38.6 |   8.8 |  25.5 |  41.3 | 1224.9
        Temple |   0.2 |   0.2 |  14.9 |   0.0 |  81.4 |  97.0
          Lair |  21.2 |  20.5 |  10.6 |  40.8 |  33.7 | 1629.0
         Swamp |  17.1 |  17.6 |   4.8 |  53.7 |  19.2 | 2093.5
   Spider Nest |  11.8 |  12.2 |   4.6 |  45.5 |  22.2 | 1933.3
  Orcish Mines |   7.1 |   7.2 |   6.1 |  38.1 |  19.5 | 1711.5
     Labyrinth |   0.2 |   0.2 |   0.0 |   0.0 |   0.0 | 110.0
        Bazaar |   0.4 |   0.5 |   0.0 |  78.1 |   0.0 | 219.0
       Volcano |   2.8 |   3.1 |   0.0 |  49.3 |  19.4 | 1467.0
               +-------+-------+-------+-------+-------+----------------------

Vault maps used:
D:1:      wheals_arrival_shading, hangedman_feature_mirror, kennysheep_doodads
D:4:      serial_shops, nicolae_shop_window_shopping, st_stairs_4,
          guppyfry_early_orc_mine, uniq_sigmund, uniq_menkaure,
          uniq_blork_the_orc
D:5:      first_ration, serial_shops, kennysheep_little_box,
          minmay_misc_feat_room, lemuel_statue_altar
D:6:      black_bear_nest_2, nicolae_ru_awakened_eye, minmay_temple_entry_trees,
          serial_shops, shop, minmay_misc_feat_square
D:7:      basic_altar
D:8:      serial_ice, serial_ice_b, serial_ice_g, serial_ice_e, serial_ice_i,
          uniq_gastronok, uniq_joseph
D:9:      serial_gnoll_camp, gnoll_camp_medium_01, gnoll_camp_mini_house,
          gnoll_camp_mini_loothouse, gnoll_camp_mini_basic,
          gnoll_camp_huts_basic, blue_anna_alchemist, uniq_psyche
D:10:     david_lair_generic, minivault_16
D:11:     david_orc_2, lab_entry_generic, minmay_protected_statue
D:12:     serial_shops, bzr_entry_lakeside, enter_trove_1
D:13:     erik_vaults_1, basic_altar, mikee_hates_you
D:14:     kennysheep_crisscross
D:15:     grunt_enter_depths_giant_problem, serial_shops, shop, minivault_4,
          serial_park_tiny_pond, corexii_leaking_fountain
Temple:   compressed_dpeg_circular_temple
Lair:1:   pond, grunt_megastairs_4
Lair:2:   tgw_fedhas
Lair:3:   nicolae_swamp_entry_splash_gauntlet,
          nicolae_spider_entry_orb_guardian, enter_volcano_2,
          serial_bayou_shore_b, lemuel_fruit_tree
Lair:4:   serial_bayou_lagoon_a
Lair:5:   slime_altar_1
Lair:6:   gammafunk_lair_ancient_temple, guppyfry_lair_drakes,
          infiniplex_staircase_pool_2
Swamp:1:  evilmike_swamp_ruin_house_3
Swamp:2:  hangedman_swamp_blocks, uniq_louise
Swamp:3:  gammafunk_its_a_trap, evilmike_swamp_ruin_rubble_1, swamp_pool5
Swamp:4:  grunt_swamp_rune_castle, uniq_donald
Spider:3: minmay_another_anthill
Orc:2:    st_orc_pillars, serial_shops, shop
Lab:      nicolae_lab_dead_adventurers, nicolae_lab_checkerboard,
          nicolae_lab_hexagon, nicolae_lab_garden, nicolae_lab_diamond,
          nicolae_lab_quarters, nicolae_lab_t_cross
Bazaar:   bazaar_minmay_row
Volcano:  pf_volcano_lost_world
